[Event "*** MasterClass Titled Tuesday Blitz"]
[Site "Chess.com"]
[Date "2017.10.03"]
[Round "3"]
[White "Gabrielian_Artur"]
[Black "eldur16"]
[Result "0-1"]
[WhiteElo "2546"]
[BlackElo "2484"]
[TimeControl "180+2"]
[EndTime "13:38:48 PDT"]
[Termination "eldur16 won by resignation"]

1. e4 g6 2. d4 Bg7 3. Nc3 d6 4. f4 a6 5. Nf3 b5 6. Bd3 Nd7 7.
e5 Nh6 8. a4 b4 9. Ne4 O-O 10.
O-O c5 11. c3 bxc3 12. bxc3 cxd4 13. cxd4 dxe5 14. dxe5 Bb7 15. Qe2 f5 16. Neg5 Nc5 17. Bc4+ Kh8 18. Be3 Qa5 19. Kh1 Rac8 20. Rfc1 Ng4 21.
Bd2 Qb6 22. Rab1 Qa7 23. Be3 Bxf3 24. Qxf3 Nxe3 25. Qxe3 Qd7 26. Qh3 h6 27. Nf7+ Kh7 28. Rd1 Qxa4 29. Ng5+ Kh8 30. Be6 Qxf4 31. Bxc8 Qxg5 32. Bb7 Bxe5 33. Rd5 Ne4 34. Qf3 Bd6 35. g3 Rb8 36. Rdd1 Nf6 37. Bxa6 Rxb1 38. Rxb1 h5 39. Bc4 Kg7 40. Re1 h4 41. Kg2 hxg3 42. hxg3 Nh5 43. Qc3+ Kh7 44. Qe3 Qxg3+ 45. Qxg3 Nxg3 46.
Rxe7+ Bxe7 47. Kxg3 g5 48. Be6 Kg6 49. Bc8 Bd6+ 50. Kg2 g4 51. Bd7 Kg5 52. Bc8 Kf4 53. Bd7 Ke4 54. Bc8 Kf4 55. Bd7 Kg5 56. Bc8 f4 57.
Bb7 Kf6 58. Bc8 f3+ 59. Kf2 Kg5 60. Ke3 Bc5+ 61. Ke4 Kh4 62. Kf4 Bd6+ 63. Ke4 Kg3 64. Bd7 Bc7 65. Bc8 f2 66. Ba6 Kg2 67. Kf5 g3 0-1

[Event "*** MasterClass Titled Tuesday Blitz"]
[Site "Chess.com"]
[Date "2017.10.03"]
[Round "3"]
[White "TamNguyen2"]
[Black "Tibmat"]
[Result "0-1"]
[WhiteElo "2231"]
[BlackElo "2390"]
[TimeControl "180+2"]
[EndTime "13:38:49 PDT"]
[Termination "Tibmat won by resignation"]

1. c4 b6 2. Nc3 Bb7 3. d4 Nf6 4. f3 d5 5. cxd5 Nxd5 6. e4 Nxc3 7. bxc3 e6 8. Bd3 Be7 9. Ne2 O-O 10. O-O c5 11.
Be3 Nc6 12. Qa4 Qd7 13. Ba6 Bxa6 14. Qxa6 cxd4 15. cxd4 Nb4 16. Qc4 Rac8 17. Qb3 Nc2 18. Rac1 Nxe3 19. Qxe3 Qa4 20. Qb3 Qxb3 21. axb3 Rfd8 22.
Kf2 a5 23. Ke3 Ba3 24. Rxc8 Rxc8 25. Kd3 Kf8 26. Nc3 Ke7 27. Nb5 Bb4 28. f4 f5 29. exf5 exf5 30. h3 Ke6 31. Rf2 Rc1 32. Re2+ Kf6 33. g4 g6 34. Re3 Rf1 35. d5 Rd1+ 36.
Kc4 Kf7 37. gxf5 gxf5 38. Re5 Kf6 39. Re6+ Kf7 40. Rxb6 Rf1 41. Rb7+ Kf6 42. d6 Rxf4+ 43. Kd5 Rf1 44. d7 Rd1+ 45. Nd4 Ke7 46. Kc4 f4 47. Nc6+ Ke6 48. d8=Q Rxd8 49. Nxd8+ Kf5 50. Rxh7 f3 51. h4 Kg4 52. h5 f2 53. Rf7 Kg3 54.
h6 Bd2 55. h7 Bf4 56. h8=Q f1=Q+ 57. Kd5 Qd3+ 58. Qd4 Qxb3+ 59. Qc4 Qd1+ 60. Ke6 Qg4+ 61. Rf5 Qg6+ 62. Kd5 Qxf5+ 63. Kc6 Qc8+ 64. Kb5 Qxd8 65.
Qf1 Qd5+ 66. Ka4 Bd2 67. Qg1+ Kf4 68. Qf2+ Ke5 69. Qh2+ Ke6 70. Qh3+ Qf5 71. Qb3+ Qd5 72. Qh3+ Kd6 73. Qg3+ Kc5 74. Qc7+ Qc6+ 75. Qxc6+ Kxc6 76. Kb3 Kb5 0-1

[Event "*** MasterClass Titled Tuesday Blitz"]
[Site "Chess.com"]
[Date "2017.10.03"]
[Round "3"]
[White "Paralinch"]
[Black "Jospem"]
[Result "1-0"]
[WhiteElo "2677"]
[BlackElo "2553"]
[TimeControl "180+2"]
[EndTime "13:39:03 PDT"]
[Termination "Paralinch won on time"]

1. e4 c5 2. Nf3 d6 3. d4 cxd4 4. Nxd4 Nf6 5. Nc3 a6 6. Be3 e5 7. Nf3 Be7 8. Bc4 O-O 9. O-O Be6 10. Bb3 Re8 11. Bg5 Nbd7 12. Qe2 Qc7 13. Rfd1 Rac8 14.
Rac1 Nb6 15. Bxf6 Bxf6 16. Nd5 Nxd5 17. Bxd5 Bd7 18. c3 g6 19. Rd2 Re7 20. Rcd1 Rd8 21. Qc4 Qb8 22. Qb3 Be8 23. Rd3 Kg7 24. Nd2 Qc7 25.
Nc4 b5 26. Ne3 Bg5 27. Qc2 Qc5 28. Qe2 b4 29. cxb4 Qxb4 30. Bb3 Bb5 31. Nd5 Bxd3 32. Qxd3 Qa5 33. Nxe7 Bxe7 34. g3 Rd7 35. Kg2 Bd8 36. Qe2 Qb6 37. Rd5 Rc7 38. Qd2 Be7 39. Rd3 Qc6 40. Rf3 Bd8 41. Bd5 Qc5 42. Qd3 a5 43.
Qb3 Bf6 44. Qb8 Qa7 45. Qxa7 Rxa7 46. Rc3 Bg5 47. Rc6 Rd7 48. Kf3 f5 49. Ke2 fxe4 50.
Ra6 Rc7 51. Bxe4 Rc4 52. Bd3 Rd4 53. h4 Bc1 54. Ra7+ Kh6 55. f3 Rb4 56. b3 d5 57. g4 e4 58. g5+ Bxg5 59. hxg5+ Kxg5 60. fxe4 dxe4 61. Bc4 h5 62. Ke3 Rb6 63. Kxe4 h4 64. Rxa5+ Kg4 65. Ra6 1-0

[Event "*** MasterClass Titled Tuesday Blitz"]
[Site "Chess.com"]
[Date "2017.10.03"]
[Round "3"]
[White "chessking2151"]
[Black "joppie2"]
[Result "0-1"]
[WhiteElo "2360"]
[BlackElo "2570"]
[TimeControl "180+2"]
[EndTime "13:39:03 PDT"]
[Termination "joppie2 won by resignation"]

1. e4 e5 2. Nf3 Nc6 3. Bb5 g6 4.
d4 exd4 5. Nxd4 Bg7 6. Nxc6 bxc6 7. Bc4 Ne7 8. O-O O-O 9. Nc3 Rb8 10. Bb3 d5 11.
exd5 cxd5 12. Bg5 c6 13. Re1 Be6 14. Na4 Qd6 15. Bh4 Nf5 16. Bg5 c5 17. Qd2 Qc6 18. c3 Nd6 19. Be3 Ne4 20. Qe2 d4 21. cxd4 cxd4 22. Bxd4 Bxd4 23. Qxe4 Qxe4 24. Rxe4 Bxb3 25. Rxd4 Be6 26. b3 Rfc8 27. Rad1 Kg7 28. R4d2 Rc6 29. f3 Rbc8 30. Kf2 Kf6 31. Nb2 g5 32. Nd3 h6 33.
Nb4 Rc5 34. h3 Rb5 35. Nc2 Rbc5 36. Nd4 Bd7 37. Ne2 Bb5 38. Ng3 Kg7 39. Ne4 Rc2 40.
Rxc2 Rxc2+ 41. Rd2 Rc1 42. Ke3 Rg1 43. Nd6 Bf1 44.
Nf5+ Kg6 45. Ng3 Bb5 46. Rd6+ Kh7 47. Kf2 Ra1 48. Nf5 Rxa2+ 49. Kg3 Ra6 50. Rxa6 Bxa6 51. Nd6 Kg6 52. f4 f6 53. Kf3 Bf1 54. f5+ Kh5 55.
b4 Bd3 56. Ne8 Bxf5 57. Nxf6+ Kg6 58. Nd5 Bd7 59. Nc3 Kf5 60. g3 Ke5 61. Ke3 Bxh3 62.
Nb5 a6 63. Nc7 Bc8 64. b5 a5 65. b6 h5 66. Nb5 h4 67. gxh4 gxh4 68. Na3 Kd5 69.
Kf3 Kc5 70. b7 Bxb7+ 71. Kg4 Be4 72. Kxh4 Kb4 0-1

[Event "*** MasterClass Titled Tuesday Blitz"]
[Site "Chess.com"]
[Date "2017.10.03"]
[Round "3"]
[White "Cayse"]
[Black "Alexander_Moskalenko"]
[Result "0-1"]
[WhiteElo "2639"]
[BlackElo "2642"]
[TimeControl "180+2"]
[EndTime "13:39:11 PDT"]
[Termination "Alexander_Moskalenko won on time"]

1. e4 d6 2. d4 Nf6 3. Nc3 e5 4. dxe5 dxe5 5. Qxd8+ Kxd8 6. Bg5 Bd6 7. O-O-O Nd7 8.
Bc4 Ke8 9. Nge2 h6 10. Bh4 a6 11. f3 b5 12. Bb3 Bb7 13. Kb1 Be7 14. Rd2 Nc5 15.
Rhd1 Nxb3 16. axb3 Nxe4 17. Nxe4 Bxh4 18. N2c3 Rd8 19. Nc5 Rxd2 20. Rxd2 Bc8 21. Nd5 Bd8 22. Nb4 Be7 23. Nbxa6 Bxc5 24. Nxc5 Ke7 25. Re2 f6 26. f4 Kd6 27. Ne4+ Kc6 28. fxe5 fxe5 29. Kc1 Rf8 30. Kd2 b4 31. Nf2 Ba6 32. Nd3 Bxd3 33. Kxd3 Kd5 34. c3 c5 35. Rd2 Rf4 36. Ke3+ Ke6 37. Rd8 Rf1 38. Re8+ Kd6 39. Rd8+ Kc6 40. Rc8+ Kd6 41. Rd8+ Kc6 42. Rc8+ Kb6 43. cxb4 cxb4 44. Rc4 Rb1 45. Rxb4+ Kc5 46. Rc4+ Kd5 47. Rc2 Re1+ 48. Re2 Ra1 49. b4 Ra4 50. Rd2+ Ke6 51. Kd3 Rxb4 52.
Kc3 Rb8 53. b4 e4 54. Kc4 Ke5 55. Rd7 Rc8+ 56. Kb3 e3 57. b5 Ke4 58. Rxg7 e2 59.
Re7+ Kd3 60. Rd7+ Ke3 61. Re7+ Kf2 62. Kb4 e1=Q+ 63. Rxe1 Kxe1 64. g4 Rg8 65. h3 Kf2 66. b6 Kg3 67. Kc5 Kxh3 0-1

[Event "*** MasterClass Titled Tuesday Blitz"]
[Site "Chess.com"]
[Date "2017.10.03"]
[Round "3"]
[White "MisaPap"]
[Black "Gordima"]
[Result "0-1"]
[WhiteElo "2400"]
[BlackElo "2566"]
[TimeControl "180+2"]
[EndTime "13:39:24 PDT"]
[Termination "Gordima won by resignation"]

1. e4 c5 2. c3 d6 3. d4 Nf6 4. dxc5 dxc5 5. Qxd8+ Kxd8 6. f3 e6 7. Na3 Nbd7 8. Bf4 Nh5 9. Be3 Bd6 10. Nc4 Bc7 11.
O-O-O Ke7 12. a4 b6 13. Na3 Rd8 14. Ne2 Bb7 15. g4 Nhf6 16. Nb5 Bb8 17. g5 Ne8 18. Ng3 Bc6 19. b3 a6 20. Na3 Nd6 21. Be2 Bc7 22. Nh5 Ne8 23. Kb2 Rdb8 24. Nf4 b5 25. axb5 axb5 26. Nd3 Bb6 27. Bf4 Rb7 28. Nc2 Rba7 29.
Ra1 Rxa1 30. Nxa1 Nd6 31. Rd1 Nb7 32. Ne5 Nxe5 33. Bxe5 f6 34. Bf4 Rd8 35. gxf6+ gxf6 36. Rg1 Kf7 37. Be3 Bc7 38. h4 Rg8 39. Rxg8 Kxg8 40. Nc2 Kg7 41. b4 c4 42. Nd4 Bd7 43. f4 Nd6 44. Bf3 e5 45. fxe5 fxe5 46. Ne2 Bc6 47. Ng3 Kf6 48. Bg5+ Kg7 49. Be3 Kf7 50. Bh5+ Kf6 51.
Bg5+ Kg7 52. Bf3 Bb6 53. h5 Kf7 54. Kc1 Bf2 55. Nh1 Be1 56. Bd2 Bxd2+ 57. Kxd2 Bxe4 58. Ke2 Bxf3+ 59. Kxf3 Kf6 60. Ng3 Kg5 61. Ne4+ Nxe4 62. Kxe4 Kxh5 63. Kxe5 Kg4 64. Kd5 h5 65. Kc5 h4 66.
Kxb5 h3 67. Ka6 h2 68. b5 h1=Q 69. b6 Qa8+ 70. Kb5 Qb7 0-1

[Event "*** MasterClass Titled Tuesday Blitz"]
[Site "Chess.com"]
[Date "2017.10.03"]
[Round "3"]
[White "NTBT_DHS"]
[Black "Rodalquilar"]
[Result "1/2-1/2"]
[WhiteElo "2499"]
[BlackElo "2493"]
[TimeControl "180+2"]
[EndTime "13:42:01 PDT"]
[Termination "Game drawn by repetition"]

1. d4 d5 2. Nc3 Nf6 3. Bg5 e6 4. e4 Bb4 5. e5 h6 6. exf6 hxg5 7. fxg7 Rg8 8. Ne2 Qf6 9. a3 Ba5 10. Qd3 Bd7 11. Ng3 Qxg7 12. h4 Nc6 13. Nh5 Qh8 14.
hxg5 Rxg5 15. Ng3 Qxd4 16. Qxd4 Nxd4 17. O-O-O Ke7 18. Rxd4 Bb6 19. Rf4 Rag8 20. Rh7 Be8 21. Nge2 c5 22. g3 Bc7 23. Rf3 c4 24. Bh3 R8g7 25.
Rxg7 Rxg7 26. Nd4 Bb6 27. Nce2 Kd6 28. Rf6 Ke7 29. Rh6 Bd7 30. c3 Bc5 31. Nf4 Kf8 32. Rh8+ Ke7 33. Rb8 Bc6 34. Nxc6+ bxc6 35. Rb7+ Kf8 36.
Bxe6 Bxf2 37. Bd7 Rxg3 38. Ne2 Rg6 39. Rc7 Be3+ 40. Kd1 c5 41. Bc6 d4 42. cxd4 cxd4 43. Bd5 d3 44. Bxc4 dxe2+ 45. Kxe2 Bb6 46. Rxf7+ Ke8 47. Rh7 Rg2+ 48. Kd3 Rxb2 49. a4 Rb4 50. Kc3 Rb1 51. Kd3 Rd1+ 52. Ke2 Rd4 53. Bb5+ Kd8 54. Kf3 Kc8 55. Rf7 Rd6 56. Ke4 Bc7 57.
Bc4 Bb6 58. Bd5 Kd8 59. Ke5 Rd7 60. Rf8+ Ke7 61. Rg8 Bc7+ 62. Ke4 Kd6 63. Rg6+ Kc5 64. Rc6+ Kb4 65. Rc4+ Ka5 66. Bc6 Re7+ 67. Kd3 Bb6 68. Rh4 Re3+ 69. Kc4 Re5 70. Bb5 a6 71. Bd7 Rc5+ 72.
Kb3 Rd5 73. Bc6 Rc5 74. Rh6 Re5 75. Rd6 Re3+ 76. Kc2 Kb4 77. Bb7 Bc5 78. Rxa6 Rc3+ 79. Kd2 Ra3 80. Bc6 Be3+ 81. Ke2 Bc5 82. Bb5 Re3+ 83.
Kd2 Ra3 84. Bd7 Be3+ 85. Ke2 Bc5 86. Rg6 Re3+ 87. Kd2 Ra3 88. Rg4+ Ka5 89. Rc4 Kb6 90. Bf5 Ra2+ 91. Bc2 Ra3 92. Re4 Kc6 93. Re6+ Kd5 94. Re8 Bb4+ 95. Ke2 Bc5 96. Kd2 Bb4+ 97. Kc1 Bc3 98.
Ra8 Kc4 99. Rc8+ Kb4 100. Rb8+ Kc4 101. Rc8+ Kd4 102. Kd1 Ra1+ 103. Ke2 Ra2 104. Rd8+ Kc4 105. Rc8+ Kd4 106. Rd8+ Kc4 107. Rc8+ Kd4 108. Kd1 Ra1+ 109. Ke2 Ra2 110. Kd1 Ra1+ 111. Ke2 Ra2 1/2-1/2

[Event "*** MasterClass Titled Tuesday Blitz"]
[Site "Chess.com"]
[Date "2017.10.03"]
[Round "4"]
[White "TheFlaminGM"]
[Black "MisaPap"]
[Result "1-0"]
[WhiteElo "2583"]
[BlackElo "2370"]
[TimeControl "180+2"]
[EndTime "13:44:58 PDT"]
[Termination "TheFlaminGM won by resignation"]

1. e4 c5 2. Nc3 Nc6 3. Nge2 e6 4.
d4 cxd4 5. Nxd4 Qb6 6. Nb3 Bb4 7. Bd3 Nf6 8. O-O a6 9. Be3 Qc7 10. f4 O-O 11. Ne2 b5 12. Ng3 d5 13. e5 Nd7 14.
Qh5 g6 15. Qh6 Ne7 16. Nh5 1-0

[Event "*** MasterClass Titled Tuesday Blitz"]
[Site "Chess.com"]
[Date "2017.10.03"]
[Round "4"]
[White "Gabrielian_Artur"]
[Black "NMJeevanK"]
[Result "1-0"]
[WhiteElo "2552"]
[BlackElo "2319"]
[TimeControl "180+2"]
[EndTime "13:45:50 PDT"]
[Termination "Gabrielian_Artur won by resignation"]

1. e4 e5 2. Nf3 Nc6 3. Bc4 Nf6 4. d3 Bc5 5. c3 d6 6. Bg5 h6 7. Bh4 O-O 8. Nbd2 Be6 9. a4 a6 10. b4 Ba7 11. O-O Bxc4 12. Nxc4 g5 13. Nxg5 hxg5 14. Bxg5 Kg7 15. Ne3 Rh8 16. Nd5 Rh6 17. b5 axb5 18. axb5 Na5 19. Rxa5 Bxf2+ 20. Rxf2 Rxa5 21. Bxh6+ Kxh6 22. Rxf6+ Kg7 23. h3 c6 24. Qg4+ Kf8 25. Qh5 1-0

[Event "*** MasterClass Titled Tuesday Blitz"]
[Site "Chess.com"]
[Date "2017.10.03"]
[Round "4"]
[White "Hrant_ChessMood"]
[Black "chessdude"]
[Result "1-0"]
[WhiteElo "2738"]
[BlackElo "2443"]
[TimeControl "180+2"]
[EndTime "13:45:58 PDT"]
[Termination "Hrant_ChessMood won by resignation"]

1. Nf3 c5 2. c4 Nc6 3. Nc3 e5 4.
e3 Nf6 5. Be2 d5 6. d4 cxd4 7.
exd4 e4 8. Ne5 Bb4 9. O-O O-O 10. Bg5 Bxc3 11. bxc3 h6 12. Bh4 g5 13. Bg3 Be6 14. Nxc6 bxc6 15. c5 Nd7 16. Qa4 f5 17. Qxc6 Rf6 18.
Bd6 f4 19. f3 Rc8 20. Qa6 g4 21. fxg4 Qe8 22. Rxf4 1-0

[Event "*** MasterClass Titled Tuesday Blitz"]
[Site "Chess.com"]
[Date "2017.10.03"]
[Round "4"]
[White "josiwales"]
[Black "Masterbeaterr"]
[Result "1-0"]
[WhiteElo "2357"]
[BlackElo "2290"]
[TimeControl "180+2"]
[EndTime "13:46:29 PDT"]
[Termination "josiwales won by checkmate"]

1. e4 g6 2. d4 Bg7 3. Nc3 c6 4. f4 d5 5. Nf3 dxe4 6. Nxe4 Nd7 7. Bd3 Ngf6 8. c3 Nxe4 9. Bxe4 Nf6 10. Bc2 O-O 11. O-O Bf5 12. Bxf5 gxf5 13. Ne5 Ne4 14. g4 fxg4 15. Qxg4 Kh8 16. f5 Nxc3 17. bxc3 Bxe5 18. dxe5 Rg8 19. Bg5 f6 20. h4 h6 21. Qh5 Qf8 22.
Kh2 fxg5 23. f6 Kh7 24. fxe7 Qe8 25. Rf7+ Rg7 26. Raf1 Rc8 27. R1f6 Kg8 28. Rxg7+ Kxg7 29. Qxh6+ Kg8 30. Rg6+ Kf7 31. Qg7# 1-0

[Event "*** MasterClass Titled Tuesday Blitz"]
[Site "Chess.com"]
[Date "2017.10.03"]
[Round "4"]
[White "cheese111"]
[Black "MatthewG-p4p"]
[Result "1-0"]
[WhiteElo "2365"]
[BlackElo "2580"]
[TimeControl "180+2"]
[EndTime "13:47:06 PDT"]
[Termination "cheese111 won by resignation"]

1. e4 e6 2. d4 d5 3. exd5 exd5 4.
Nf3 Bd6 5. c4 c6 6. Nc3 Ne7 7.
Bd3 dxc4 8. Bxc4 O-O 9. O-O Nd7 10. Bg5 h6 11. Bh4 Qc7 12. Bg3 Nf5 13. Re1 Nf6 14. Ne5 Nxg3 15. hxg3 b5 16. Bb3 a5 17. Rc1 Qb6 18. Qf3 Bb7 19. Ne4 Nxe4 20. Bxf7+ Rxf7 21. Qxf7+ Kh8 22. Rxe4 Rd8 23. Rg4 Rg8 24. Ng6+ Kh7 25.
Qf5 Re8 26. Ne5+ Kh8 27. Nf7+ 1-0

[Event "*** MasterClass Titled Tuesday Blitz"]
[Site "Chess.com"]
[Date "2017.10.03"]
[Round "4"]
[White "jefferyx"]
[Black "Gabix_94"]
[Result "1-0"]
[WhiteElo "2747"]
[BlackElo "2500"]
[TimeControl "180+2"]
[EndTime "13:47:22 PDT"]
[Termination "jefferyx won on time"]

1. d4 Nf6 2. c4 e6 3. Nf3 c5 4. d5 d6 5. Nc3 exd5 6. cxd5 g6 7. Nd2 Bg7 8. e4 O-O 9. Be2 Re8 10. O-O Na6 11.
Re1 Nc7 12. h3 b6 13. a4 a6 14. Bf1 Nd7 15. Nc4 Bf8 16. Bf4 Qf6 17. Qf3 Rd8 18.
Qg3 h6 19. Nxd6 Ne8 20. e5 Qg7 21. Nxc8 Raxc8 22. Bxa6 Ra8 23. Bc4 g5 24. Bd2 Nxe5 25.
Qxe5 1-0

[Event "*** MasterClass Titled Tuesday Blitz"]
[Site "Chess.com"]
[Date "2017.10.03"]
[Round "4"]
[White "Jungle_Jaguar"]
[Black "nutibara"]
[Result "1-0"]
[WhiteElo "2389"]
[BlackElo "2292"]
[TimeControl "180+2"]
[EndTime "13:47:40 PDT"]
[Termination "Jungle_Jaguar won by resignation"]

1. e4 c5 2. Nf3 Nc6 3. d4 cxd4 4. Nxd4 Nf6 5. Nc3 e6 6. Nxc6 bxc6 7. e5 Nd5 8. Nxd5 cxd5 9. Bd3 Qc7 10. Bf4 Rb8 11. Qc1 Ba6 12. O-O Bxd3 13. cxd3 Qxc1 14. Rfxc1 Rxb2 15. Rc8+ Ke7 16. Bc1 Rb6 17. Ba3+ d6 18. Bxd6+ Rxd6 19. exd6+ Kxd6 20. Rb1 g6 21. Rbb8 Ke7 22.
Re8+ 1-0

[Event "*** MasterClass Titled Tuesday Blitz"]
[Site "Chess.com"]
[Date "2017.10.03"]
[Round "4"]
[White "GameOverBro"]
[Black "SabinaFoisor"]
[Result "1-0"]
[WhiteElo "2301"]
[BlackElo "2261"]
[TimeControl "180+2"]
[EndTime "13:47:46 PDT"]
[Termination "GameOverBro won by resignation"]

1. e4 e5 2. Nf3 Nc6 3. Bb5 a6 4. Ba4 Nf6 5. d4 exd4 6. O-O Bc5 7. e5 Ne4 8. Qe2 Nxf2 9. Qxf2 O-O 10. Nbd2 Ba7 11.
Kh1 d3 12. Qg3 b5 13. Bb3 Nb4 14. Ne4 dxc2 15. Nf6+ Kh8 16. Qh4 gxf6 17. Qxb4 Rg8 18. Qh4 fxe5 19. Ng5 Rxg5 20. Bxg5 1-0

[Event "*** MasterClass Titled Tuesday Blitz"]
[Site "Chess.com"]
[Date "2017.10.03"]
[Round "4"]
[White "lukas_111111"]
[Black "amaidel"]
[Result "1-0"]
[WhiteElo "2365"]
[BlackElo "2450"]
[TimeControl "180+2"]
[EndTime "13:47:53 PDT"]
[Termination "lukas_111111 won by resignation"]

1. e4 e5 2. Nf3 Nf6 3. Nxe5 d6 4. Nf3 Nxe4 5. d4 d5 6. Bd3 Be7 7. O-O O-O 8. c4 Nf6 9. Nc3 Nc6 10. cxd5 Nxd5 11. h3 Be6 12. a3 Bf6 13. Bc2 g6 14. Bh6 Re8 15. Ne4 Bh8 16. Nc5 Bc8 17.
Bg5 Bf6 18. Bxf6 Qxf6 19. Bb3 Nce7 20. Re1 Rd8 21. Ne4 Qb6 22. Ne5 h6 23. Nc4 Qb5 24.
Rc1 Be6 25. Ba4 Ne3 26. Rxe3 1-0

[Event "*** MasterClass Titled Tuesday Blitz"]
[Site "Chess.com"]
[Date "2017.10.03"]
[Round "4"]
[White "NTBT_DHS"]
[Black "catalin009"]
[Result "1-0"]
[WhiteElo "2504"]
[BlackElo "2349"]
[TimeControl "180+2"]
[EndTime "13:47:56 PDT"]
[Termination "NTBT_DHS won by resignation"]

1. d4 f5 2. g3 Nf6 3. Bg2 e6 4. h4 Be7 5. h5 h6 6. Nh3 O-O 7. Nf4 d6 8. Ng6 Re8 9. Nc3 Nc6 10. d5 Ne5 11. dxe6 c6 12. Nf4 Bf8 13. Bh3 Bxe6 14. Nxe6 Rxe6 15. Bxf5 Nf3+ 16. Kf1 Re5 17. Bg6 Ng5 18.
f4 Nd5 19. fxe5 Nxc3 20. bxc3 d5 21. Kg2 Bc5 22. Rf1 Qe7 23. Rf5 Ne4 24. Qd3 b5 25.
Be3 Rd8 26. Raf1 a5 27. Rf7 Qxe5 28. Bxc5 Nxc5 29. Bh7+ Kh8 30. Rf8+ 1-0

[Event "*** MasterClass Titled Tuesday Blitz"]
[Site "Chess.com"]
[Date "2017.10.03"]
[Round "4"]
[White "Lawliet64"]
[Black "dtn70"]
[Result "1/2-1/2"]
[WhiteElo "2046"]
[BlackElo "2295"]
[TimeControl "180+2"]
[EndTime "13:47:56 PDT"]
[Termination "Game drawn by repetition"]

1. e4 d6 2. Nc3 Nf6 3. Bc4 e5 4. d3 Be7 5. f4 c6 6. Nf3 exf4 7.
Bxf4 d5 8. Bb3 dxe4 9. Nxe4 Nxe4 10.
dxe4 Qxd1+ 11. Rxd1 O-O 12. O-O Nd7 13. Bd6 Bxd6 14.
Rxd6 Nc5 15. Ng5 Nxb3 16. axb3 f6 17. Ne6 Bxe6 18. Rxe6 Rfe8 19. Rxe8+ Rxe8 20. Re1 Re5 21. Kf2 Kf7 22. Kf3 Ke7 23. Rd1 Rc5 24. Rd2 a5 25.
Re2 Re5 26. Rd2 g6 27. Rd1 h5 28. Rd2 Rc5 29. Re2 Ke6 30. Rd2 b5 31. Re2 Re5 32.
Rd2 b4 33. Rd8 Rc5 34. Rd2 g5 35. h3 Ke5 36. Re2 Rb5 37. Rd2 Rb7 38. Ke3 Re7 39.
Rf2 Ra7 40. Rf5+ Ke6 41. Rc5 Kd6 42. Rf5 Ke6 43. Rc5 Kd6 44. Rf5 Ke6 1/2-1/2

[Event "*** MasterClass Titled Tuesday Blitz"]
[Site "Chess.com"]
[Date "2017.10.03"]
[Round "4"]
[White "pastouche06"]
[Black "timator"]
[Result "0-1"]
[WhiteElo "2283"]
[BlackElo "2406"]
[TimeControl "180+2"]
[EndTime "13:48:04 PDT"]
[Termination "timator won by checkmate"]

1. e4 c5 2. Nf3 Nc6 3. Bb5 e6 4. Bxc6 bxc6 5. b3 Ne7 6. Bb2 Ng6 7. e5 f6 8. Qe2 Be7 9. h4 O-O 10. h5 Nf4 11. Qe4 Nd5 12. Nc3 f5 13. Qe2 a5 14.
Nxd5 cxd5 15. d4 Ba6 16. Qd2 c4 17. Bc3 a4 18. Rb1 cxb3 19. axb3 axb3 20. Rxb3 Bc4 21. Rb1 d6 22. Qf4 dxe5 23. Nxe5 Bg5 24. Qg3 Bf6 25.
Rb7 Qc8 26. Rb2 Ra1+ 27. Kd2 Rxh1 28. Bb4 f4 29. Qxf4 Rh4 30. Qg3 Rxd4+ 31. Kc1 Be2 32. Bxf8 Rd1# 0-1

[Event "*** MasterClass Titled Tuesday Blitz"]
[Site "Chess.com"]
[Date "2017.10.03"]
[Round "4"]
[White "Kouzari"]
[Black "ruzomberok"]
[Result "1-0"]
[WhiteElo "2537"]
[BlackElo "2359"]
[TimeControl "180+2"]
[EndTime "13:48:07 PDT"]
[Termination "Kouzari won by checkmate"]

1. d4 d5 2. c4 c6 3. Nc3 Nf6 4. Nf3 e6 5. Bg5 dxc4 6. a4 b5 7. e4 Bb4 8. e5 h6 9. exf6 hxg5 10. fxg7 Rg8 11. h4 g4 12. Ne5 c5 13. h5 Rxg7 14.
h6 Rh7 15. Qxg4 Qxd4 16. Qg8+ Ke7 17. Ng6+ Kf6 18. Rh3 Qe4+ 19. Re3 Qxg6 20. Qd8+ Kf5 21. Rf3+ Kg4 22. Rg3+ Kf4 23. Rxg6 fxg6 24. Qf6+ Kg4 25. Be2# 1-0

[Event "*** MasterClass Titled Tuesday Blitz"]
[Site "Chess.com"]
[Date "2017.10.03"]
[Round "4"]
[White "roldieyi"]
[Black "Carolina-moon"]
[Result "0-1"]
[WhiteElo "2111"]
[BlackElo "2055"]
[TimeControl "180+2"]
[EndTime "13:48:07 PDT"]
[Termination "Carolina-moon won by resignation"]

1. d4 f5 2. Nf3 Nf6 3. Bf4 e6 4. e3 b6 5. Bd3 Bb7 6. O-O Be7 7. h3 O-O 8. c3 Ne4 9. Ne1 d6 10. Bh2 Nd7 11. f3 Nef6 12. a4 a6 13. Qb3 d5 14.
Nd2 Bd6 15. f4 Ne4 16. Ndf3 Ndf6 17. Rc1 Qe7 18. Ne5 Nd2 19. Qc2 Nxf1 20. Kxf1 Ne4 21. Kg1 Bxe5 22. fxe5 Qg5 23. Qe2 c5 24. Nf3 Qh5 25.
Qe1 Rf7 26. Be2 Qh6 27. Bd3 g5 28. Nd2 Raf8 29. Qe2 f4 30. exf4 gxf4 31. Nxe4 dxe4 32. Bxe4 f3 33. gxf3 Qxc1+ 0-1

[Event "*** MasterClass Titled Tuesday Blitz"]
[Site "Chess.com"]
[Date "2017.10.03"]
[Round "4"]
[White "Taron_Shagbazyan"]
[Black "NateSolon"]
[Result "1-0"]
[WhiteElo "2508"]
[BlackElo "2317"]
[TimeControl "180+2"]
[EndTime "13:48:10 PDT"]
[Termination "Taron_Shagbazyan won by resignation"]

1. d4 d5 2. c4 dxc4 3. e4 b5 4. a4 c6 5. b3 e5 6. axb5 cxb5 7. Nf3 Nf6 8. bxc4 Nxe4 9. cxb5 Bb4+ 10. Nbd2 O-O 11.
Bd3 Nxd2 12. Bxd2 Bxd2+ 13. Qxd2 Bb7 14. Nxe5 Bxg2 15. Rg1 Qd5 16. Bc4 Qe4+ 17. Qe3 Rd8 18. Nxf7 Qxe3+ 19. fxe3 Bd5 20. Nxd8 Bxc4 21. b6 1-0

[Event "*** MasterClass Titled Tuesday Blitz"]
[Site "Chess.com"]
[Date "2017.10.03"]
[Round "4"]
[White "ehrenfeld"]
[Black "Induwara_IM"]
[Result "1-0"]
[WhiteElo "2330"]
[BlackElo "2469"]
[TimeControl "180+2"]
[EndTime "13:48:17 PDT"]
[Termination "ehrenfeld won by resignation"]

1. e4 c6 2. d4 d5 3. exd5 cxd5 4. Bd3 Nc6 5. c3 Qc7 6. Bg5 Nf6 7. Nf3 Bg4 8. Nbd2 e6 9. Bh4 Bd6 10. Bg3 O-O 11. O-O a6 12. Re1 b5 13. a3 Rab8 14. Qc2 Bh5 15. Ne5 Bg6 16. Bxg6 hxg6 17. Qd3 a5 18.
Rac1 Bxe5 19. Bxe5 Nxe5 20. dxe5 Nd7 21. Qg3 Rfc8 22.
Nf3 b4 23. axb4 axb4 24. h4 bxc3 25. bxc3 Qa5 26. Ng5 Rb3 27. Qf4 Rf8 28. c4 Rb4 29.
Qd2 Nb6 30. Rb1 Ra4 31. Qxa5 Rxa5 32. Rxb6 dxc4 33. Rc6 Ra4 34. Rc1 Ra5 35. Nf3 Rd8 36.
R6xc4 Raa8 37. g3 f6 38. Kg2 Kh7 39. R1c2 Kh6 40. Rc6 Re8 41. Re2 Ra3 42. exf6 gxf6 43. Rexe6 Rxe6 44. Rxe6 f5 45. Ne5 Kh5 46. Nxg6 f4 47.
Nxf4+ Kg4 48. Rg6+ Kf5 49. Rg5+ Ke4 50. h5 1-0

[Event "*** MasterClass Titled Tuesday Blitz"]
[Site "Chess.com"]
[Date "2017.10.03"]
[Round "4"]
[White "SCIM"]
[Black "ArnaudovP"]
[Result "0-1"]
[WhiteElo "2419"]
[BlackElo "2466"]
[TimeControl "180+2"]
[EndTime "13:48:23 PDT"]
[Termination "ArnaudovP won by resignation"]

1. d4 Nf6 2. c4 Nc6 3. Nf3 e6 4. Nc3 Bb4 5. Qc2 d6 6. Bd2 O-O 7. e3 Re8 8. Rd1 Bd7 9. a3 Bxc3 10. Bxc3 e5 11. dxe5 dxe5 12. Be2 a5 13. O-O Qe7 14.
Rd2 Bg4 15. Rfd1 Bh5 16. Nh4 Bxe2 17. Rxe2 Qe6 18. b3 a4 19. Nf3 axb3 20. Qxb3 Ne4 21. Be1 Nc5 22. Qb5 b6 23. Ng5 Qg6 24. h4 h6 25. Nf3 e4 26. Nd4 Ne5 27. Bb4 Nf3+ 28.
Kf1 Nxh4 29. g3 Nf3 30. Bxc5 Qh5 31. Nxf3 exf3 32. Ke1 fxe2 0-1

[Event "*** MasterClass Titled Tuesday Blitz"]
[Site "Chess.com"]
[Date "2017.10.03"]
[Round "4"]
[White "ChessQueen"]
[Black "vanea_03"]
[Result "1-0"]
[WhiteElo "2592"]
[BlackElo "2449"]
[TimeControl "180+2"]
[EndTime "13:48:24 PDT"]
[Termination "ChessQueen won on time"]

1. e4 c6 2. Nc3 d5 3. Nf3 Bg4 4. Be2 e6 5. d4 Nf6 6. h3 Bh5 7. e5 Nfd7 8. g4 Bg6 9. h4 h5 10. gxh5 Bxh5 11. Ng5 Bg6 12. Bd3 Bh5 13. Qd2 Be7 14.
Qf4 c5 15. Be3 Nc6 16. Be2 Bg6 17. O-O-O cxd4 18. Bxd4 Nxd4 19. Qxd4 Qb6 20. Qf4 1-0